AoeStats
← audi

Arabia

508928734Analyzed
2v2 RM · 7d ago on Sep 24, 2026· 29m 46s· 4 players
Game mode
Random Map
Map size
Medium (4 player)
Population
200
Speed
Normal
Resources
Standard
Victory
Conquest
Starting age
Dark Age
Ending age
Imperial Age
RankedLock teamsTeams togetherTeam positionsShared explorationLock speedFull tech treeHidden civsTurbo modeCheats
Victory
Defeat
🇬🇧 Cumans · United Kingdom
1299
+8
🇪🇸 Slavs · Spain
968
+20
🇹🇷 Magyars · Türkiye
1112
-15
🇩🇪 Italians · Germany
1076
-13
audi
3:06 Loom
10:20 Feudal Age
10:57 Double-Bit Axe
12:50 Wheelbarrow
13:27 Horse Collar
15:41 Scale Barding Armor
21:18 Castle Age
21:18 Gold Mining
22:44 Bow Saw
25:53 Fletching
26:06 Padded Archer Armor
27:08 Bodkin Arrow
27:34 Heavy Plow
29:31 Scale Mail Armor
Icke
6:51 Loom
10:57 Feudal Age
12:19 Wheelbarrow
11:56 Double-Bit Axe
12:11 Horse Collar
18:12 Castle Age
16:22 Stone Mining
19:05 Bow Saw
19:15 Heavy Plow
23:13 Fletching
24:59 Padded Archer Armor
25:39 Ballistics
26:51 Hand Cart
31:55 Imperial Age
29:38 Gold Mining
30:28 Stone Shaft Mining
Pr8feSS8r
6:51 Loom
11:10 Feudal Age
15:51 Castle Age
13:43 Double-Bit Axe
14:39 Horse Collar
17:21 Wheelbarrow
21:58 Bow Saw
23:57 Heavy Plow
24:28 Detinets
25:23 Stone Mining
26:44 Fletching
27:22 Hand Cart
27:07 Gold Mining
29:10 Gold Shaft Mining
28:47 Town Watch
elitedurasteel
6:43 Loom
9:00 Feudal Age
10:32 Double-Bit Axe
15:34 Horse Collar
19:53 Wheelbarrow
20:45 Gold Mining
23:39 Castle Age
21:46 Stone Mining
21:48 Fletching
22:54 Bloodlines
22:47 Padded Archer Armor
24:36 Bow Saw
24:32 Heavy Plow
24:37 Bodkin Arrow
25:42 Gold Shaft Mining
26:18 Ballistics
26:41 Thumb Ring
27:19 Leather Archer Armor
Connection lost

Rejoining the realm…

Still unreachable

The connection could not be restored.

Session expired

The server has moved on; the page needs a fresh start.